 Dungeon Crawl Stone Soup version 0.21.0-24-g2553a33 (webtiles) character file.

171 Mesmaeker13 the Magician (level 5, -2/28 HPs)
             Began as a Deep Elf Fire Elementalist on Jan 21, 2018.
             Slain by an elf zombie (5 damage)
             ... in an ossuary.
             The game lasted 00:05:32 (3363 turns).

Mesmaeker13 the Magician (DEFE)                     Turns: 3363, Time: 00:05:34

Health: -2/28      AC:  3    Str:  4 (6)  XL:     5   Next: 26%
Magic:  2/13       EV: 14    Int: 18 (20) God:
Gold:   210        SH:  0    Dex: 13 (15) Spells: 6/12 levels left

rFire    . . .     SeeInvis .   e - +3 dagger (venom)
rCold    . . .     Gourm    .   (no shield)
rNeg     . . .     Faith    .   a - +0 robe
rPois    .         Spirit   .   d - +0 helmet
rElec    .         Reflect  .   (no cloak)
rCorr    .         Harm     .   (no gloves)
MR       .....                  (no boots)
Stlth    ++........             n - amulet of regeneration
HPRegen  0.49/turn              (no ring)
MPRegen  0.13/turn              (no ring)

@: flying
A: no striking features
a: no special abilities


You were in an ossuary.
You were not hungry.

You visited 1 branch of the dungeon, and saw 4 of its levels.
You also visited: Ossuary.

You collected 210 gold pieces.

Inventory:

Hand Weapons
 e - a +3 dagger of venom (weapon)
Missiles
 j - 5 silver javelins (quivered)
Armour
 a - a +0 robe (worn)
 d - a +0 helmet (worn)
Jewellery
 n - an amulet of regeneration (around neck)
 o - an uncursed ring of ice
Wands
 t - a wand of flame (27)
Scrolls
 f - a scroll of blinking
 k - a scroll of enchant weapon
 l - 3 scrolls of fear {unknown}
 m - 2 scrolls of fog {unknown}
 p - 2 scrolls of teleportation {unknown}
 r - 3 scrolls of remove curse
 s - 4 scrolls of enchant armour
 u - a scroll of random uselessness {unknown}
Potions
 h - a potion of degeneration
 i - a potion of resistance {unknown}
 q - a potion of haste {unknown}
Books
 b - a book of Flames

   Spells                             Type                      Level
   a - Flame Tongue                   Conjuration/Fire             1
   b - Throw Flame                    Conjuration/Fire             2
   c - Conjure Flame                  Conjuration/Fire             3
   d - Inner Flame                    Hexes/Fire                   3
   e - Sticky Flame                   Conjuration/Fire             4
   f - Fireball                       Conjuration/Fire             5
Comestibles
 c - 6 rations
 v - a chunk of flesh


   Skills:
 + Level 3.8 Dodging
 - Level 3.3 Stealth
 + Level 4.3 Spellcasting
 + Level 2.7 Conjurations
 + Level 4.2 Fire Magic


You had 6 spell levels left.
You knew the following spells:

 Your Spells              Type           Power        Failure   Level  Hunger
a - Flame Tongue          Conj/Fire      ###..        3%          1    None
b - Throw Flame           Conj/Fire      ###...       5%          2    ##.....
c - Conjure Flame         Conj/Fire      ###.....     11%         3    ###....


Dungeon Overview and Level Annotations

Branches:
Dungeon (4/15)
 Temple: D:4-7

Altars:
Nemelex Xobeh
The Shining One


Message History

The jackal zombie misses you.
The big kobold zombie closely misses you.
It was a potion of degeneration.
There was something very wrong with that liquid.
You feel weakened.
You feel dopey.
You feel clumsy.
The jackal zombie bites you but does no damage.
The rat zombie completely misses you.
The rat zombie bites you but does no damage.
The kobold zombie closely misses you. The elf zombie hits you.
* * * LOW HITPOINT WARNING * * *
The goblin zombie misses you. The goblin zombie hits you.
* * * LOW HITPOINT WARNING * * *
The big kobold zombie completely misses you.
It was a potion of flight.
You feel very buoyant.
You fly up into the air.
The jackal zombie bites you but does no damage.
The rat zombie barely misses you. The kobold zombie closely misses you.
The elf zombie hits you.
You die...

...............
...............
...............
...............
...............
...............
......ZZZ......
.....ZZ@ZZ.....
......ZZZ......
...............
...............
...............
..........(....
...............
...........(...


You could see 2 rat zombies, a jackal zombie, 2 goblin zombies, a kobold zombie,
a big kobold zombie, 2 elf zombies and a human zombie.

Vanquished Creatures
  A worker ant (D:4)
  A hound zombie (Ossuary)
  4 adders
  An ooze (D:2)
  6 worms
  A leopard gecko (D:4)
  4 orcs
  4 giant cockroaches
  A gnoll zombie (Ossuary)
  7 hobgoblins
  5 jackals (D:1)
  7 kobolds
  A quokka (D:3)
  A ball python (D:2)
  8 bats
  3 frilled lizards
  6 goblins
  13 rats
74 creatures vanquished.

Notes
Turn   | Place    | Note
-------+----------+-------------------------------------------
     0 | D:1      | Mesmaeker13 the Deep Elf Fire Elementalist began the quest for the Orb.
     0 | D:1      | Reached XP level 1. HP: 10/10 MP: 6/6
   254 | D:1      | Reached XP level 2. HP: 15/15 MP: 5/8
   739 | D:1      | Reached XP level 3. HP: 12/19 MP: 6/9
  1197 | D:2      | Learned a level 2 spell: Throw Flame
  1803 | D:2      | Found a sparkling altar of Nemelex Xobeh.
  1915 | D:3      | Reached XP level 4. HP: 24/24 MP: 3/11
  2110 | D:3      | Learned a level 3 spell: Conjure Flame
  2258 | D:3      | Found a glowing golden altar of the Shining One.
  2336 | D:2      | Found a sparkling altar of Nemelex Xobeh.
  3293 | D:4      | Noticed an ogre
  3335 | D:4      | Reached XP level 5. HP: 26/28 MP: 7/13
  3347 | D:4      | Found a sand-covered staircase.
  3350 | Ossuary  | Entered an ossuary
  3363 | Ossuary  | Slain by an elf zombie

Skill      XL: |  1  2  3  4 |
---------------+-------------+-----
Stealth        | 3 |  3.3
Dodging        | 3 |  3.8
Conjurations   | 2 |  2.7
Spellcasting   | 4 |  4.3
Fire Magic     | 4 |  4.2

Action                   |  1- 3 |  4- 6 || total
-------------------------+-------+-------++-------
Melee: Dagger            |    51 |    12 ||    63
       Unarmed           |     1 |       ||     1
Throw: Javelin           |       |     2 ||     2
 Cast: Flame Tongue      |    66 |    37 ||   103
       Throw Flame       |     5 |    11 ||    16
  Use: Scroll            |     4 |     1 ||     5
       Potion            |       |     2 ||     2
 Stab: Sleeping          |     3 |     5 ||     8
  Eat: Chunk             |     3 |     5 ||     8
Armor: Robe              |    16 |    12 ||    28
Dodge: Dodged            |    41 |    38 ||    79
